 Dungeon Crawl Stone Soup version 0.25.1-2-g60ff931df9 (webtiles) character file.

Game seed: 9171052668212046662

1490 halkony2012 the Skirmisher (level 8, 0/71 HPs)
             Began as a Minotaur Berserker on Oct 2, 2020.
             Was a Priest of Trog.
             Hit by a silver boomerang thrown by an orc warrior (2 damage)
             ... on level 7 of the Dungeon.
             The game lasted 00:15:57 (4903 turns).

halkony2012 the Skirmisher (Minotaur Berserker)     Turns: 4903, Time: 00:15:58

Health: 0/71       AC:  9    Str: 23    XL:     8   Next: 51%
Magic:  7/7        EV: 11    Int:  4    God:    Trog [***...]
Gold:   103        SH:  0    Dex: 11    Spells: 7/7 levels left

rFire    . . .     SeeInvis .   r - +1 war axe (elec)
rCold    + . .     Gourm    .   (no shield)
rNeg     . . .     Faith    .   e - +0 ring mail {rC+}
rPois    .         Spirit   .   (helmet restricted)
rElec    .         Reflect  .   p - +2 cloak
rCorr    .         Harm     .   (no gloves)
MR       ++...                  (no boots)
Stlth    +.........             (no amulet)
HPRegen  1.21/turn              (no ring)
MPRegen  0.10/turn              (no ring)

@: about to teleport, regenerating
A: retaliatory headbutt, horns 2
a: Berserk, Trog's Hand, Renounce Religion


You were on level 7 of the Dungeon.
You worshipped Trog.
Trog was most pleased with you.
You were hungry.

You visited 1 branch of the dungeon, and saw 7 of its levels.

You collected 229 gold pieces.
You spent 126 gold pieces at shops.

Inventory:

Hand Weapons
 a - a +0 falchion
 r - a +1 war axe of electrocution (weapon)
 v - a +2 dire flail of protection
 A - a +0 short sword of venom
 E - a +3 great sword of freezing
 I - a +0 flail of holy wrath
Missiles
 J - a boomerang (quivered)
Armour
 b - a +0 animal skin
 e - a +0 ring mail of cold resistance (worn)
 g - a +0 kite shield
 p - a +2 cloak (worn)
Jewellery
 t - an uncursed ring of wizardry
 u - a +4 ring of evasion
 w - a -4 ring of dexterity
 C - an uncursed amulet of inaccuracy
Wands
 D - a wand of polymorph (14)
Scrolls
 h - 3 scrolls of teleportation
 i - a scroll of amnesia
 j - 6 scrolls of remove curse
 o - a scroll of magic mapping
 q - a scroll of fear
 s - 3 scrolls of identify
 y - a scroll of enchant weapon
 H - a scroll of fog {unknown}
Potions
 d - a potion of haste {unknown}
 f - 4 potions of heal wounds {unknown}
 k - a potion of ambrosia {unknown}
 l - a potion of magic {unknown}
 m - 3 potions of curing {unknown}
 n - 3 potions of stabbing {unknown}
 x - a potion of resistance {unknown}
 z - a potion of degeneration {unknown}
 B - a potion of flight {unknown}
 F - a potion of berserk rage {unknown}
 K - a potion of cancellation {unknown}
Comestibles
 c - 7 rations


   Skills:
 + Level 6.7 Fighting
 - Level 5.6 Long Blades
 * Level 6.6 Axes
 + Level 6.1 Armour
 - Level 2.3 Dodging
 + Level 5.3 Shields


You had 7 spell levels left.
You didn't know any spells.
Your spell library contained the following spells:

 Spells                   Type           Power        Failure   Level  Hunger
 Magic Dart               Conj           #...         65%         1    ##.....
 Blink                    Tloc           N/A          78%         2    ###....
 Call Imp                 Summ           #.......     78%         2    ###....
 Slow                     Hex            #.......     78%         2    ###....
 Conjure Flame            Conj/Fire      #.......     95%         3    ####...
 Mephitic Cloud           Conj/Pois/Air  #.......     95%         3    ####...


Dungeon Overview and Level Annotations

Branches:
Dungeon (7/15)             Temple (0/1) D:4

Altars:
Fedhas
Uskayaw

Shops:
D:5 ?


Innate Abilities, Weirdness & Mutations

You reflexively headbutt those who attack you in melee.
You have a pair of horns on your head.


Message History

The weapon returns to the orc warrior!
Your skin crawls.
You feel resistant to hostile enchantments.
You are feeling hungry.
The orc warrior throws a silver boomerang.
The silver boomerang misses you.
The weapon returns to the orc warrior!
As you read the scroll of teleportation, it crumbles to dust.
You feel strangely unstable.
The orc throws a boomerang.
The boomerang hits you.
* * * LOW HITPOINT WARNING * * *
The weapon returns to the orc!
The orc throws a boomerang.
The boomerang closely misses you.
The weapon returns to the orc!
The orc throws a boomerang.
The boomerang hits you but does no damage.
The weapon returns to the orc!
The orc warrior throws a silver boomerang.
The silver boomerang hits you!
* * * LOW HITPOINT WARNING * * *
You die...

#........ ##.#######
#.........######.###
....####.#.....)..<#
....# #...#.#)o.###
..### ### #.#.#...#
### #...o.#(#
#.....#.# #.....# #
#.###@# .... #.#
...#.# #.# ..... ...
.. . $.# ..## ## # #


You could see an orc warrior and an orc.

Vanquished Creatures
  A hippogriff (D:7)
  Edmund (D:4)
  An ice beast (D:5)
  Blork the orc (D:4)
  2 scorpions
  5 wights (D:6)
  2 bullfrog zombies (D:5)
  A centaur zombie (D:5)
  A hound (D:4)
  2 jellies (D:7)
  A bullfrog skeleton (D:6)
  An orc priest (D:7)
  Jessica (D:3)
  3 orc wizards (D:7)
  6 worker ants
  A worker ant zombie (D:5)
  2 howler monkey zombies
  4 gnolls (D:4)
  6 adders
  A shadow imp (D:6)
  2 oozes
  An adder skeleton (D:5)
  An adder zombie (D:5)
  2 worms
  A leopard gecko (D:3)
  24 orcs
  3 bats
  2 giant cockroaches
  4 goblins
  7 hobgoblins
  4 jackals (D:7)
  4 kobolds
  4 quokkas
  A ball python (D:3)
  3 frilled lizards
  A jackal skeleton (D:4)
  A jackal zombie (D:5)
  A quokka zombie (D:5)
  5 rats
114 creatures vanquished.

Notes
Turn   | Place    | Note
-------+----------+-------------------------------------------
     0 | D:1      | halkony2012 the Minotaur Berserker began the quest for the
                  | Orb.
     0 | D:1      | Reached XP level 1. HP: 19/19 MP: 0/0
   263 | D:1      | Reached XP level 2. HP: 22/27 MP: 1/1
   778 | D:2      | Reached XP level 3. HP: 33/33 MP: 2/2
   813 | D:2      | Reached skill level 1 in Shields
  1414 | D:3      | Reached XP level 4. HP: 40/40 MP: 3/3
  1793 | D:3      | Noticed Jessica
  1807 | D:3      | Killed Jessica
  1807 | D:3      | Reached ** piety under Trog
  1807 | D:3      | Reached skill level 5 in Long Blades
  2203 | D:4      | Noticed Blork the orc
  2226 | D:4      | Killed Blork the orc
  2226 | D:4      | Reached XP level 5. HP: 28/47 MP: 4/4
  2461 | D:4      | Reached skill level 1 in Axes
  2489 | D:4      | Reached XP level 6. HP: 44/55 MP: 5/5
  2581 | D:4      | Reached skill level 5 in Fighting
  2811 | D:4      | Noticed Edmund
  2830 | D:4      | Killed Edmund
  2991 | D:4      | Found a staircase to the Ecumenical Temple.
  3235 | D:5      | Entered Level 5 of the Dungeon
  3320 | D:5      | Reached XP level 7. HP: 54/61 MP: 6/6
  3695 | D:5      | Found Sirys's Magic Scroll Emporium.
  3702 | D:5      | Bought a scroll of remove curse for 36 gold pieces
  3702 | D:5      | Bought a scroll of enchant weapon for 90 gold pieces
  3752 | D:5      | Reached skill level 5 in Armour
  4047 | D:6      | Reached skill level 5 in Axes
  4053 | D:6      | Reached XP level 8. HP: 70/70 MP: 7/7
  4262 | D:7      | Reached *** piety under Trog
  4401 | D:7      | Found a blossoming altar of Fedhas.
  4443 | D:7      | Reached skill level 5 in Shields
  4492 | D:7      | Noticed a hippogriff
  4502 | D:7      | Killed a hippogriff
  4848 | D:7      | Found a hide-covered altar of Uskayaw.
  4903 | D:7      | HP: 2/71 [orc warrior/silver boomerang (14)]
  4903 | D:7      | Hit by a silver boomerang thrown by an orc warrior

Illustrated notes

Levels and vault maps discovered:
D:1:      onia_arrival_mini_spirals, layout_loops_ring
D:2:      layout_basic, serial_glass, glass_columns_a, glass_columns_a,
          first_ration, kennysheep_nub, palyth_stone_intersect
D:3:      minmay_general_purpose_star, layout_basic, uniq_jessica
D:4:      layout_gridville, minmay_temple_entry_from_below_a,
          uniq_blork_the_orc, uniq_edmund
D:5:      layout_loops_ring, serial_shops, shop, serial_undead, serial_undead_e,
          serial_undead_f, serial_undead_c, serial_undead_d
D:6:      layout_cave_pools, minmay_misc_feat_enclosed
D:7:      layout_basic, lemuel_round_altar, basic_altar

Skill      XL: |  1  2  3  4  5  6  7  8 |
---------------+-------------------------+-----
Long Blades    | 4 5 |  5.6
Fighting       | 4 5 6 |  6.7
Armour         | 3 4 5 6 |  6.1
Shields        | 1 2 3 4 5 |  5.3
Axes           | 1 3 5 6 |  6.6
Dodging        | |  2.3

Action                   |  1- 3 |  4- 6 |  7- 9 || total
-------------------------+-------+-------+-------++-------
Melee: Falchion          |    63 |    37 |       ||   100
       Headbutt          |    18 |    17 |    17 ||    52
       War axe           |       |    53 |   108 ||   161
Throw: Boomerang         |       |       |     2 ||     2
Invok: Berserk           |       |       |     2 ||     2
       Trog's Hand       |       |       |     1 ||     1
  Use: Scroll            |       |     5 |     4 ||     9
  Eat: Chunk             |     1 |     7 |     3 ||    11
       Ration            |       |       |     1 ||     1
Armor: Animal skin       |     5 |       |       ||     5
       Ring mail         |    17 |    20 |    46 ||    83
Dodge: Dodged            |    30 |    49 |    77 ||   156
Block: Kite shield       |     7 |       |       ||     7
       Rpst.: Falchion   |    13 |     7 |       ||    20
